 Dungeon Crawl Stone Soup version 0.29.1-12-g30fa7ad0bf (webtiles) character file.

Game seed: 8823033453651586492

49 112233 the Caller (level 3, 0/21 HPs)
             Began as an Octopode Summoner on Dec 17, 2022.
             Slain by a bat (1 damage)
             ... on level 1 of the Dungeon.
             The game lasted 00:01:13 (948 turns).

112233 the Caller (Octopode Summoner)                Turns: 948, Time: 00:01:14

Health: 0/21       AC:  1    Str:  7    XL:     3   Next: 77%
Magic:  3/6        EV: 13    Int: 19    God:
Gold:   0          SH:  0    Dex: 12    Spells: 4/7 levels left

rFire   . . .      SeeInvis .   e - +0 spear
rCold   . . .      Faith    .   (no shield)
rNeg    . . .      Spirit   .   (helmet restricted)
rPois   .          Reflect  .   (no amulet)
rElec   .          Harm     .   (no ring)
rCorr   .          Rampage  .   (no ring)
Will    .....      Clarity  +   (no ring)
Stlth   +++.......              (no ring)
HPRegen 0.07/turn               (no ring)
MPRegen 0.10/turn               (no ring)
                                (no ring)
                                (no ring)

@: no status effects
A: almost no armour, amphibious, 8 rings, camouflage 1, gelatinous body 1,
(nimble swimmer 1), tentacles, clarity, mutation resistance 1
a: no special abilities


You were on level 1 of the Dungeon.
You visited 1 branch of the dungeon, and saw 2 of its levels.

Inventory:

Hand Weapons
 e - a +0 spear (weapon)
Scrolls
 c - a scroll of enchant armour {unknown}
 d - a scroll of identify {unknown}
 f - a scroll of vulnerability {unknown}
Potions
 a - a potion of magic


   Skills:
 + Level 2.7 Dodging
 - Level 3.0 Stealth
 + Level 2.5 Spellcasting
 + Level 4.4 Summonings


You had 4 spell levels left.
You knew the following spells:

 Your Spells              Type           Power      Damage    Failure   Level
a - Summon Small Mammal   Summ           76%        N/A       2%          1
b - Call Imp              Summ           19%        N/A       3%          2

Your spell library contained the following spells:

 Spells                   Type           Power      Damage    Failure   Level
 Call Canine Familiar     Summ           19%        N/A       8%          3
 Summon Guardian Golem    Hex/Summ       10%        N/A       19%         3
 Summon Lightning Spire   Summ/Air       10%        N/A       54%         4


Dungeon Overview and Level Annotations

Branches:
Dungeon (2/15)

Altars:


Innate Abilities, Weirdness & Mutations

You cannot wear most types of armour.
You are amphibious.
You can wear up to eight rings at the same time.
Your skin changes colour to match your surroundings (Stealth+).
Your rubbery body absorbs attacks. (AC +1, EV +1)
((You are camouflaged when in or above water. (Stealth+)))
You have tentacles for arms and can constrict up to eight enemies at once.
You possess an exceptional clarity of mind.
You are somewhat resistant to further mutation.


Message History

You reach to attack!
You barely miss the hobgoblin. The bat hits you.
Your crimson imp blinks!
The hobgoblin hits you.
Unknown command.
You are too injured to fight recklessly!
Unknown command.
You are too injured to fight recklessly!
Casting: Summon Small Mammal (safe; 2% risk of failure)
Confirm with . or Enter, or press ? or * to list all spells.
The bat hits you but does no damage.
Your crimson imp blinks!
The frilled lizard bites you.
* * * LOW HITPOINT WARNING * * *
The hobgoblin barely misses you.
Your crimson imp blinks!
The frilled lizard bites you.
* * * LOW HITPOINT WARNING * * *
Your rat misses the frilled lizard. The hobgoblin barely misses you.
It was a potion of mutation.
You feel extremely strange.
You feel genetically stable.
Your thoughts seem clearer.
The bat hits you but does no damage.
Your rat closely misses the frilled lizard.
The frilled lizard closely misses you. The hobgoblin hits you.
* * * LOW HITPOINT WARNING * * *
Unknown command.
Found 10 gold pieces.
Your crimson imp hits the frilled lizard.
The frilled lizard dies!
The bat closely misses you.
Your rat barely misses the bat.
Unknown command.
The bat attacks as you move away! The bat hits you but does no damage.
Found 9 gold pieces.
The bat hits your rat.
Your rat barely misses the hobgoblin.
The hobgoblin hits your rat.
Your rat dies!
Your rat's corpse disappears in a puff of smoke!
Unknown command.
Found 5 stones.
The bat barely misses you. The bat closely misses you. x2
The bat attacks as you move away! The bat hits you.
You die...

..####.# #.
.....###### ######.
##.#..#...###....#.
.#...........)..†.
#
#†#..#...###....#.
#.##$#..#...#
#..†.## (.#.).#####
#....# #..#.##g#5.#
###### #$....@b..#
######.$..# ######
###########


You could see a hobgoblin (ally target), a bat and a friendly crimson imp
(summoned).

Vanquished Creatures
  A hobgoblin (D:1)
  A bat (D:1)
  2 rats
4 creatures vanquished.

Vanquished Creatures (collateral kills)
  An adder (D:2)
  2 gnolls (D:1)
  A dart slug (D:2)
  An endoplasm (D:1)
  2 giant cockroaches
  A goblin (D:1)
  2 hobgoblins
  2 kobolds (D:1)
  A quokka (D:2)
  A ball python (D:1)
  A bat (D:1)
  2 frilled lizards (D:1)
17 creatures vanquished.

Grand Total: 21 creatures vanquished

Notes
Turn   | Place    | Note
-------+----------+-------------------------------------------
     0 | D:1      | 112233 the Octopode Summoner began the quest for the Orb.
     0 | D:1      | Reached XP level 1. HP: 11/11 MP: 3/3
    81 | D:1      | Reached XP level 2. HP: 9/17 MP: 1/5
   427 | D:1      | Learned a level 2 spell: Call Imp
   481 | D:1      | Reached XP level 3. HP: 21/21 MP: 4/6
   943 | D:1      | Gained mutation: You are somewhat resistant to further
                  | mutation. [potion of mutation]
   943 | D:1      | Gained mutation: You possess an exceptional clarity of
                  | mind. [potion of mutation]
   943 | D:1      | HP: 1/21 [hobgoblin (2)]
   948 | D:1      | Slain by a bat

Illustrated notes

Levels and vault maps discovered:
D:1:      spicycebolla_arrival_ecumenical, layout_basic, minmay_small_reverse_x
D:2:      layout_basic, serial_curves, eino_curves_01, eino_curves_01,
          eino_curves_04, eino_curves_01, patterned_corridor

Skill      XL: |  1 |
---------------+----+-----
Stealth        | 3 |  3.0
Dodging        | |  2.7
Spellcasting   | |  2.5
Summonings     | |  4.4

Action                   || total
-------------------------++-------
Melee: Spear             ||     8
       Unarmed           ||     4
       Constrict         ||     4
       Tentacles         ||     2
 Cast: Summon Small Mamm ||    26
       Call Imp          ||     6
  Use: Potion            ||     1
 Stab: Distracted        ||     1
       Sleeping          ||     1
Armor: Skin              ||     4
Dodge: Dodged            ||    31
